AoeStats
← MagicEugen

Oasis

507561419Analyzed
4v4 RM · 14d ago on Sep 18, 2026· 60m 15s· 8 players
Game mode
Random Map
Map size
Large (8 player)
Population
200
Speed
Normal
Resources
Standard
Victory
Conquest
Starting age
Dark Age
Ending age
Imperial Age
RankedLock teamsTeams togetherTeam positionsShared explorationLock speedFull tech treeHidden civsTurbo modeCheats
Victory
Defeat
🇩🇪 Turks · Germany
970
+12
🇩🇪 Teutons · Germany
941
+13
🇩🇪 Khmer · Germany
889
+15
🇩🇪 Franks · Germany
850
+16
🇩🇪 Britons · Germany
888
-15
🇪🇨 Bohemians · Ecuador
861
-14
🇩🇪 Britons · Germany
860
-14
🇩🇪 Franks · Germany
854
-13
Tekz4987
3:11 Loom
10:55 Feudal Age
15:30 Castle Age
14:40 Double-Bit Axe
14:38 Horse Collar
16:48 Bow Saw
21:25 Heavy Plow
22:38 Stone Mining
26:04 Wheelbarrow
26:11 Gold Mining
27:19 Hand Cart
29:10 Gold Shaft Mining
31:39 Imperial Age
31:10 Ballistics
30:30 Treadmill Crane
30:54 Padded Archer Armor
30:44 Fletching
32:39 Leather Archer Armor
32:20 Bodkin Arrow
33:34 Two-Man Saw
33:05 Bombard Tower
33:05 Guilds
33:26 Coinage
32:56 Caravan
32:51 Heavy Cavalry Archer
33:57 Parthian Tactics
33:39 Thumb Ring
35:38 Banking
36:01 Husbandry
36:13 Bloodlines
37:34 Bracer
38:05 Ring Archer Armor
MagicEugen
7:54 Loom
10:54 Feudal Age
16:35 Castle Age
15:01 Horse Collar
15:13 Double-Bit Axe
22:52 Bow Saw
25:45 Wheelbarrow
26:17 Heavy Plow
26:55 Husbandry
27:06 Bloodlines
27:26 Hand Cart
29:56 Imperial Age
29:23 Husbandry
29:35 Bloodlines
30:03 Hand Cart
30:01 Scale Barding Armor
30:08 Forging
30:03 Gold Mining
31:02 Town Watch
33:38 Gold Shaft Mining
34:02 Elite Battle Elephant
35:42 Chain Barding Armor
38:46 Plate Barding Armor
38:47 Iron Casting
38:16 Tusk Swords
39:18 Caravan
43:43 Blast Furnace
ichpieksdeimudda3
0:35 Loom
13:40 Feudal Age
19:42 Castle Age
17:41 Double-Bit Axe
18:23 Stone Mining
18:24 Gold Mining
20:23 Husbandry
25:12 Scale Mail Armor
28:13 Caravan
31:52 Fortified Wall
37:06 Imperial Age
36:03 Wheelbarrow
35:42 Bow Saw
36:11 Gold Shaft Mining
35:04 Light Cavalry
35:53 Scale Barding Armor
37:22 Hand Cart
36:53 Town Watch
37:22 Forging
37:34 Chain Barding Armor
37:15 Cavalier
38:18 Conscription
39:01 Iron Casting
39:24 Paladin
40:52 Plate Barding Armor
41:36 Blast Furnace
56:03 Chivalry
IchDerSchlepphoden
12:18 Feudal Age
25:08 Wheelbarrow
27:02 Double-Bit Axe
29:27 Castle Age
28:14 Fletching
31:16 Elite Skirmisher
37:20 Hand Cart
37:18 Bow Saw
36:51 Horse Collar
40:22 Hand Cart
40:40 Heavy Plow
44:07 Imperial Age
48:40 Crop Rotation
56:42 Elite Teutonic Knight
57:48 Conscription
61:37 Chemistry
60:58 Ballistics
60:38 Bodkin Arrow
60:46 Padded Archer Armor
chris1935
8:01 Loom
10:50 Feudal Age
15:48 Double-Bit Axe
16:40 Fletching
24:24 Castle Age
22:52 Gold Mining
22:53 Stone Mining
25:24 Crossbowman
27:35 Gold Shaft Mining
26:48 Horse Collar
27:53 Bodkin Arrow
36:33 Heavy Plow
38:02 Murder Holes
38:27 Ballistics
42:17 Town Watch
43:07 Wheelbarrow
51:26 Pikeman
55:49 Imperial Age
CaptainFu110
11:38 Feudal Age
16:32 Castle Age
19:04 Pikeman
21:01 Fletching
29:34 Padded Archer Armor
30:57 Double-Bit Axe
31:30 Horse Collar
32:18 Loom
32:59 Town Watch
35:27 Stone Mining
37:36 Bodkin Arrow
38:19 Bow Saw
42:40 Imperial Age
40:58 Wheelbarrow
41:32 Leather Archer Armor
41:19 Scale Mail Armor
41:30 Forging
41:45 Gold Mining
42:58 Hand Cart
42:45 Halberdier
44:49 Conscription
45:00 Bracer
45:16 Chain Mail Armor
46:02 Heavy Plow
49:14 Iron Casting
49:09 Plate Mail Armor
50:30 Chemistry
50:09 Ballistics
52:27 Masonry
52:11 Treadmill Crane
54:44 Blast Furnace
54:25 Ring Archer Armor
58:45 Architecture
Horak´n´roll
0:27 Loom
12:04 Feudal Age
12:47 Double-Bit Axe
20:12 Scale Barding Armor
20:15 Gold Mining
22:56 Castle Age
21:41 Stone Mining
21:53 Scale Mail Armor
22:04 Forging
24:01 Husbandry
25:01 Town Watch
25:32 Bow Saw
26:54 Chain Barding Armor
27:21 Pikeman
28:08 Squires
28:55 Wheelbarrow
30:17 Caravan
30:36 Chain Mail Armor
32:08 Hand Cart
34:28 Iron Casting
34:07 Town Patrol
35:49 Arson
42:11 Imperial Age
40:30 Gold Shaft Mining
40:56 Masonry
40:42 Murder Holes
41:08 Ballistics
42:31 Fletching
43:28 Plate Barding Armor
43:13 Halberdier
45:14 Cavalier
47:31 Paladin
51:58 Architecture
51:34 Siege Engineers
59:07 Hoardings
59:33 Elite Throwing Axeman
60:35 #83
WinyHornet8
12:11 Feudal Age
18:04 Castle Age
16:27 Double-Bit Axe
16:39 Horse Collar
20:24 Bow Saw
20:18 Heavy Plow
30:45 Imperial Age
29:37 Wheelbarrow
29:30 Ballistics
29:35 Caravan
31:40 Hand Cart
31:45 Guilds
32:02 Wagenburg Tactics
32:19 Conscription
31:39 Pikeman
32:20 Squires
32:07 Arson
36:23 Elite Hussite Wagon
38:44 Chemistry
37:41 Fletching
37:53 Padded Archer Armor
38:47 Halberdier
39:59 Bodkin Arrow
40:20 Leather Archer Armor
40:18 Siege Engineers
40:20 Houfnice
42:12 Bracer
42:44 Ring Archer Armor
42:27 Forging
42:18 Scale Mail Armor
Connection lost

Rejoining the realm…

Still unreachable

The connection could not be restored.

Session expired

The server has moved on; the page needs a fresh start.